 Dungeon Crawl Stone Soup version 0.31.0-9-g3a7656b989 (webtiles) character file.

Game seed: 18226589799175215209

210 qw the Shooter (level 5, 0/26 HPs)
             Began as a Spriggan Hunter on Feb 2, 2024.
             Slain by an orc priest
             ... wielding a +0 dagger
              (4 damage)
             ... on level 3 of the Dungeon.
             The game lasted 00:00:11 (2381 turns).

qw the Shooter (Spriggan Hunter)                    Turns: 2381, Time: 00:00:12

Health: 0/26       AC:  3    Str:  4 (7)  XL:     5   Next: 57%
Magic:  6/6        EV: 20    Int:  9 (10) God:
Gold:   1062       SH:  0    Dex: 18 (21) Spells: 4/4 levels left

rFire   . . .        a - +0 shortbow
rCold   . . .        (shield currently unavailable)
rNeg    . . .        c - +0 robe
rPois   .            (helmet restricted)
rElec   .            e - +0 cloak
rCorr   .            (gloves unavailable)
SInv    +            (boots unavailable)
Will    .....        (no amulet)
Stlth   ++           (no ring)
HPRegen 0.24/turn    (no ring)
MPRegen 0.10/turn

%: no passive effects
@: very quick
A: very small, no large weapons, unfitting armour, see invisible, speed 3
a: no special abilities


You were on level 3 of the Dungeon.
You visited 1 branch of the dungeon, and saw 3 of its levels.

You collected 1062 gold pieces.


Innate Abilities, Weirdness & Mutations

You are very small and have problems with some larger weapons.
You are too small for most types of armour.
You have supernaturally acute eyesight. (SInv)
You cover ground extremely quickly. (Speed+++)


   Skills:
 - Level 2.1 Fighting
 + Level 5.5 Ranged Weapons
 - Level 5.4 Dodging
 - Level 1.5 Stealth


You had 4 spell levels left.
You didn't know any spells.
Your spell library was empty.

Inventory:

Hand Weapons
 a - a +0 shortbow (weapon)
Armour
 c - a +0 robe (worn)
 e - a +0 cloak (worn)
Scrolls
 d - a scroll of enchant weapon {unknown}
Potions
 b - 2 potions of haste
 f - a potion of curing

Dungeon Overview and Level Annotations

Branches:
Dungeon (3/15)

Altars:


Message History

The orc is lightly wounded.
You shoot an arrow. The arrow hits the orc.
The orc is heavily wounded.
The orc misses you.
You shoot an arrow. The arrow hits the orc.
The orc is heavily wounded.
The orc misses you.
You shoot an arrow. The arrow barely misses the orc.
The arrow hits the orc priest.
The orc priest is lightly wounded.
The orc priest casts a cantrip, but nothing happens.
The orc completely misses you.
You shoot an arrow. The arrow hits the orc.
You kill the orc!
The orc priest invokes the aid of Beogh against you.
Beogh smites you!
You shoot an arrow. The arrow hits the orc priest.
The orc priest is moderately wounded.
The orc priest completely misses you.
You shoot an arrow. The arrow hits the orc priest!
The orc priest is severely wounded.
The orc priest barely misses you.
An endoplasm comes into view.
You shoot an arrow.
The arrow closely misses the orc priest.
The endoplasm quivers.
The orc priest hits you with a +0 dagger.
You shoot an arrow.
The arrow closely misses the orc priest.
The orc priest calls down the wrath of Beogh upon you.
You resist with significant effort.
You shoot an arrow.
The arrow closely misses the orc priest.
The orc priest mumbles some strange prayers to Beogh against you.
Pain shoots through your body!
The orc priest looks encouraged for a moment.
You shoot an arrow. The arrow hits the orc priest.
The orc priest is almost dead.
The orc priest hits you with a +0 dagger.
You die...

.# .# .. ##. ... #)# #o#
#@######### #...J.....#
#..######.#
#..######.######## ######
##..##............. #....#
##...##.###.#.##.###
#.##.###.....#.# #.#.......
#.##...........###.#.##.###
#.########.........#.##..##


You could see an orc priest and an endoplasm.

Vanquished Creatures
  A jelly (D:2)
  Jessica (D:2)
  Natasha (thrice) (D:2)
  An adder (D:2)
  A ribbon worm (D:2)
  5 orcs (D:3)
  An endoplasm (D:1)
  4 giant cockroaches
  10 goblins
  4 hobgoblins
  4 jackals (D:1)
  7 ball pythons
  6 bats
  8 frilled lizards
  7 kobolds
  4 rats
67 creatures vanquished.

Notes
Turn   | Place    | Note
-------+----------+-------------------------------------------
     0 | D:1      | qw the Spriggan Hunter began the quest for the Orb.
     0 | D:1      | Reached XP level 1. HP: 10/10 MP: 2/2
     0 | D:1      | 0 ||| qw: Version: 0.3-a-155-g5e7d8dd
     0 | D:1      | 0 ||| qw: Game counter: 69
     0 | D:1      | 0 ||| qw: Melee chars always use a shield: true
     0 | D:1      | 0 ||| qw: God list: Okawaru
     0 | D:1      | 0 ||| qw: Allow faded altars: false
     0 | D:1      | 0 ||| qw: Do Orc after clearing Dungeon:15 true
     0 | D:1      | 0 ||| qw: Do second Lair branch before Depths: true
     0 | D:1      | 0 ||| qw: Lair rune preference: random
     0 | D:1      | 0 ||| qw: Goals: Normal
     0 | D:1      | 0 ||| PLANNING D:1-11
    67 | D:1      | Reached skill level 3 in Dodging
   184 | D:1      | Reached XP level 2. HP: 14/14 MP: 3/3
   475 | D:1      | Reached XP level 3. HP: 18/18 MP: 4/4
   789 | D:1      | 789 ||| UPGRADING to +0 cloak.
   794 | D:1      | 794 ||| READING 2 scrolls labelled COGOAL ONOTOSI.
   799 | D:1      | 799 ||| READING scroll labelled UVOGERRUHO.
   800 | D:1      | 800 ||| READING scroll labelled KIHEILUTHE.
   800 | D:1      | 800 ||| IDENTIFYING emerald potion
   801 | D:1      | 801 ||| READING scroll labelled RIBBASTU DOXATS.
   802 | D:1      | 802 ||| READING scroll labelled WEDASIGRANER.
   903 | D:1      | 903 ||| DROPPING scroll of butterflies.
   939 | D:2      | Noticed Natasha
   942 | D:2      | 942 ||| DRINKING potion of haste.
   944 | D:2      | Killed Natasha
  1235 | D:2      | Noticed Jessica
  1237 | D:2      | Killed Jessica
  1238 | D:2      | Reached XP level 4. HP: 22/22 MP: 5/5
  1330 | D:2      | Noticed Natasha
  1339 | D:2      | Killed Natasha
  1467 | D:2      | Reached XP level 5. HP: 17/26 MP: 6/6
  1597 | D:2      | Noticed Natasha
  1607 | D:2      | HP: 5/26 [cerulean imp/+1 spear[Natasha] (5)]
  1608 | D:2      | 1608 ||| READING scroll of teleportation.
  1746 | D:2      | Killed Natasha
  1894 | D:2      | 1894 ||| READING scroll of identify.
  1894 | D:2      | 1894 ||| IDENTIFYING bubbling dark potion
  1895 | D:2      | 1895 ||| READING scroll labelled DINOWKUV RINWI.
  1896 | D:2      | 1896 ||| READING scroll labelled PIYNLO PALI.
  1896 | D:2      | Identified a scroll of acquirement
  1896 | D:2      | 1896 ||| ACQUIRING 995 gold pieces
  1896 | D:2      | Acquired 995 gold pieces
  1898 | D:2      | 1898 ||| READING scroll labelled RAILUE UGAARPHOAS.
  1899 | D:2      | 1899 ||| DRINKING 2 purple potions.
  1900 | D:2      | 1900 ||| DRINKING 2 smoky white potions.
  1901 | D:2      | 1901 ||| DROPPING potion of brilliance.
  1902 | D:2      | 1902 ||| DROPPING potion of degeneration.
  1904 | D:2      | 1904 ||| Stepping ~*~*~tactically~*~*~ (cloud).
  1913 | D:2      | HP: 6/26 [poisoned by you (poison gas)]
  2378 | D:3      | HP: 5/26 [orc priest/+0 dagger (3)]
  2381 | D:3      | Slain by an orc priest

Levels and vault maps discovered:
D:1:      kennysheep_arrival_forest, layout_loops_ring, kennysheep_doodads,
          minmay_lizard_pond
D:2:      layout_loops_ring, uniq_jessica, uniq_natasha
D:3:      layout_loops_corners, yredelemnul_altar_generic

Skill      XL: |  1  2  3  4 |
---------------+-------------+-----
Dodging        | 3 4 5 |  5.4
Ranged Weapons | 5 |  5.5
Fighting       | 2 |  2.1
Stealth        | |  1.5

Action                     |  1- 3 |  4- 6 || total
---------------------------+-------+-------++-------
   Fire: Shortbow          |   115 |    94 ||   209
    Use: Scroll            |     5 |     5 ||    10
         Potion            |     1 |     2 ||     3
 Armour: Robe              |    10 |    16 ||    26
  Dodge: Dodged            |    37 |    30 ||    67

Table legend:
 A = Non-vault XP
 B = Vault XP
 C = Vault XP percentage of total XP
 D = Non-vault monster count
 E = Vault monster count
 F = Vault count percentage of total count
                 A         B        C        D         E       F
            +---------+---------+-------+---------+---------+-------
      Total |     224 |      77 |  25.6 |      60 |       7 |  10.4
            +---------+---------+-------+---------+---------+-------
        D:1 |      44 |       5 |  10.2 |      27 |       5 |  15.6
        D:2 |     150 |      72 |  32.4 |      19 |       2 |   9.5
        D:3 |      30 |       0 |   0.0 |      14 |       0 |   0.0
            +---------+---------+-------+---------+---------+-------
